 Dungeon Crawl Stone Soup version 0.30-a0-900-g23479c02f2 (webtiles) character file.

Game seed: 1011381309699730983

434 Sobieck the Sneak (level 6, 0/30 HPs)
             Began as a Spriggan Earth Elementalist on Mar 18, 2023.
             Was an Initiate of Ashenzari.
             Slain by an orc wizard
             ... wielding a +0 dagger
              (1 damage)
             ... on level 4 of the Dungeon.
             The game lasted 00:05:09 (3159 turns).

Sobieck the Sneak (Spriggan Earth Elementalist)     Turns: 3159, Time: 00:05:10

Health: 0/30       AC:  2    Str:  4    XL:     6   Next: 67%
Magic:  7/13       EV: 19    Int: 19    God:    Ashenzari [......]
Gold:   12         SH:  0    Dex: 15    Spells: 8/14 levels left

rFire   + . .      SeeInvis +    g - +0 dagger {short}
rCold   . . .      Faith    .    (no shield)
rNeg    . . .      Spirit   .    a - +0 robe
rPois   .          Reflect  .    (helmet restricted)
rElec   .          Rampage  .    (no cloak)
rCorr   .                        (gloves unavailable)
Will    +....                    (boots unavailable)
Stlth   +++                      r - amulet of the acrobat
HPRegen 0.25/turn                j - ring of protection from fire
MPRegen 0.13/turn                (no ring)

@: very slightly contaminated, very quick
A: very small, no large weapons, unfitting armour, see invisible, speed 3
a: Renounce Religion


You were on level 4 of the Dungeon.
You worshipped Ashenzari.
Ashenzari was noncommittal.
You visited 1 branch of the dungeon, and saw 4 of its levels.

You collected 157 gold pieces.
You spent 145 gold pieces at shops.


Innate Abilities, Weirdness & Mutations

You are very small and have problems with some larger weapons.
You are too small for most types of armour.
You have supernaturally acute eyesight. (SInv)
You cover ground extremely quickly. (Speed+++)


   Skills:
 + Level 2.2 Fighting
 + Level 4.8 Dodging
 + Level 5.6 Stealth
 + Level 4.6 Spellcasting
 - Level 1.3 Transmutations
 + Level 3.8 Earth Magic


You had 8 spell levels left.
You knew the following spells:

 Your Spells              Type           Power      Damage    Failure   Level
a - Sandblast             Erth           38%        2d10      2%          1
b - Passwall              Tmut/Erth      11%        N/A       7%          2
c - Stone Arrow           Conj/Erth      22%        3d8       17%         3

Your spell library contained the following spells:

 Spells                   Type           Power      Damage    Failure   Level
 Magic Dart               Conj           16%        1d3       13%         1
 Call Imp                 Summ           4%         N/A       21%         2
 Cigotuvi's Dreadful Rot  Necr/Pois/Air  8%         N/A       21%         2
 Poisonous Vapours        Pois/Air       8%         N/A       21%         2
 Ignite Poison            Fire/Tmut/Pois 6%         N/A       32%         3
 Kindle Blastsparks       Fire/Tloc/Air  8%         2d10      36%         3
 Mephitic Cloud           Conj/Pois/Air  4%         N/A       36%         3
 Petrify                  Tmut/Erth      14%        N/A       41%         4
 Freezing Cloud           Conj/Ice/Air   2%         6-21      98%         5

Inventory:

Hand Weapons
 e - a +0 club {mace}
   (You took it off a goblin on level 1 of the Dungeon)
 f - a +0 club {mace}
   (You took it off a kobold on level 1 of the Dungeon)
 g - a +0 dagger (weapon) {short}
   (You found it on level 1 of the Dungeon)
Missiles
 l - 8 stones {throwing}
 s - a boomerang {throwing}
Armour
 a - a +0 robe (worn)
 k - a +0 animal skin
   (You took it off Robin on level 2 of the Dungeon)
Jewellery
 j - a ring of protection from fire (left hand)
   (You found it on level 1 of the Dungeon)
 r - an amulet of the acrobat (around neck)
   (You bought it in a shop on level 1 of the Dungeon)
Scrolls
 i - a scroll of magic mapping {unknown}
 m - a scroll of silence {!r}
 o - a scroll of enchant armour {unknown}
 q - a scroll of blinking {unknown}
Potions
 b - 3 potions of magic
 h - 6 potions of heal wounds {@q2}
 p - 2 potions of mutation {!q}
 t - a potion of curing {@q1}

Dungeon Overview and Level Annotations

Branches:
Dungeon (4/15) Zot: 21570
 Temple: D:4-7

Altars:
Ashenzari

Shops:
D:1

* #..
#.##.#.##.
o........#
#.##.....#
#.##..... ##.
#g##.#.##....
#5#.........K
#o#...).)....
#.@.....#
###.....#.#
#<†......#
#####......
....#. .#.##
#.# .


You could see 2 orc wizards, an ufetubus and a goblin.


Message History

You kill the kobold!
The blast of sand hits the scorpion!
The blast of sand hits the scorpion!
You kill the scorpion!
Unknown command.
You climb upwards.
Your magical contamination has completely faded away.
There is a stone staircase leading down here.
As you read the scroll labelled FOLUDI SUKUR, it crumbles to dust.
The scroll dissolves into smoke.
It was a scroll of fog.
As you read the scroll labelled GAILOS IXIYC, it crumbles to dust.
It is a scroll of identify.
h - 6 potions of heal wounds
As you read the scroll of identify {@r1}, it crumbles to dust.
n - a potion of degeneration
As you read the scroll of identify {@r1}, it crumbles to dust.
p - 2 potions of mutation You drop a potion of degeneration {!q@e2}.
As you read the scroll of identify {@r1}, it crumbles to dust.
t - a potion of curing
As you read the scroll of identify {@r1}, it crumbles to dust.
m - a scroll of silence You climb downwards.
There is a stone staircase leading up here.
Unknown command.
Unknown command.
An orc comes into view. It is wielding a +0 flail.
Danger!
The orc shouts!
You hear a shout! x2
The blast of sand hits the orc!
You kill the orc!
A goblin comes into view. It is wielding a +0 club.
An orc wizard comes into view. It is wielding a +0 dagger.
Danger!
The blast of sand hits the orc wizard.
An ufetubus comes into view.
The orc wizard gestures at you while chanting.
The puff of flame hits you. You resist.
The blast of sand misses the orc wizard.
The ufetubus shouts!
The orc wizard points at you and mumbles some strange words.
The magic dart hits you!
You are too injured to fight recklessly!
You are too injured to fight recklessly!
Unknown command.
You are too injured to fight recklessly!
You are too injured to fight recklessly!
Casting: Sandblast (safe; 2% risk of failure)
Confirm with . or Enter, or press ? or * to list all spells.
Aiming: Sandblast (safe; 2% risk of failure)
Press: ? - help, Shift-Dir - straight line, f/p - orc wizard
Aim: an orc wizard, wielding a +0 dagger and wearing a +0 robe (lightly wounded, 77% to hit)
You miscast Sandblast.
You are very lightly contaminated with residual magic.
Nothing appears to happen.
Casting: Sandblast (safe; 2% risk of failure)
Confirm with . or Enter, or press ? or * to list all spells.
Aiming: Sandblast (safe; 2% risk of failure)
Press: ? - help, Shift-Dir - straight line, f/p - orc wizard
Aim: an orc wizard, wielding a +0 dagger and wearing a +0 robe (lightly wounded, 77% to hit)
The blast of sand misses the orc wizard.
The orc wizard mumbles some strange words.
The orc wizard flickers and vanishes for a moment.
Casting: Sandblast (safe; 2% risk of failure)
Confirm with . or Enter, or press ? or * to list all spells.
Aiming: Sandblast (safe; 2% risk of failure)
Press: ? - help, Shift-Dir - straight line, f/p - orc wizard
Aim: an orc wizard, wielding a +0 dagger and wearing a +0 robe (lightly wounded, slightly transparent, 77% to hit)
The blast of sand hits the orc wizard!
The orc wizard gestures at you while chanting.
The puff of flame hits you. You resist.
* * * LOW HITPOINT WARNING * * *
Casting: Sandblast (safe; 2% risk of failure)
Confirm with . or Enter, or press ? or * to list all spells.
Aiming: Sandblast (safe; 2% risk of failure)
Press: ? - help, Shift-Dir - straight line, f/p - orc wizard
Aim: an orc wizard, wielding a +0 dagger and wearing a +0 robe (almost dead, slightly transparent, 77% to hit)
Okay, then.
Unknown command.
Casting: Sandblast (safe; 2% risk of failure)
Confirm with . or Enter, or press ? or * to list all spells.
Aiming: Sandblast (safe; 2% risk of failure)
Press: ? - help, Shift-Dir - straight line, f/p - orc wizard
Aim: an orc wizard, wielding a +0 dagger and wearing a +0 robe (almost dead, slightly transparent, 77% to hit)
You miscast Sandblast.
Nothing appears to happen.
An orc priest comes into view. It is wielding a +0 short sword.
Casting: Sandblast (safe; 2% risk of failure)
Confirm with . or Enter, or press ? or * to list all spells.
Aiming: Sandblast (safe; 2% risk of failure)
Press: ? - help, Shift-Dir - straight line, f/p - orc wizard
Aim: an orc wizard, wielding a +0 dagger and wearing a +0 robe (almost dead, slightly transparent, 77% to hit)
The blast of sand hits the orc wizard.
The orc priest mumbles some strange prayers to Beogh against you.
Beogh smites you!
Ouch! That really hurt!
* * * LOW HITPOINT WARNING * * *
The orc wizard misses you.
The orc wizard hits you with a +0 dagger.
You die...

Skill      XL: |  1  2  3  4  5  6 |
---------------+-------------------+-----
Dodging        | 3 4 |  4.8
Spellcasting   | 3 4 |  4.6
Earth Magic    | 3 |  3.8
Fighting       | 1 2 |  2.2
Stealth        | 4 5 |  5.6
Transmutations | |  1.3

Action                     |  1- 3 |  4- 6 || total
---------------------------+-------+-------++-------
  Melee: Dagger            |     2 |     1 ||     3
   Cast: Sandblast         |    65 |    52 ||   117
    Use: Scroll            |       |     6 ||     6
   Stab: Sleeping          |     1 |       ||     1
 Armour: Robe              |     5 |     1 ||     6
  Dodge: Dodged            |    21 |    19 ||    40

Levels and vault maps discovered:
D:1:      eino_arrival_tree_alley, layout_loops_corners, serial_shops, shop,
          shapermc_ecumenical_altar_totnotflames
D:2:      layout_basic, uniq_robin
D:3:      layout_loops_ring, lemuel_doored_altar
D:4:      layout_loops_ring, minmay_temple_entry_drinking_statues,
          kennysheep_small_spiral, minmay_liquid_box, uniq_grinder

Notes
Turn   | Place    | Note
-------+----------+-------------------------------------------
     0 | D:1      | Sobieck the Spriggan Earth Elementalist began the quest for
                  | the Orb.
     0 | D:1      | Reached XP level 1. HP: 9/9 MP: 5/5
   245 | D:1      | Reached XP level 2. HP: 14/14 MP: 1/6
   298 | D:1      | Found a faded altar of an unknown god.
   345 | D:1      | Reached skill level 3 in Dodging
   410 | D:1      | You pick up a book of Minor Magic and begin reading...
   410 | D:1      | You add the spells Magic Dart, Call Imp and Mephitic Cloud
                  | to your library.
   429 | D:1      | Found Ripuv Ecia's Assorted Antiques.
   441 | D:1      | Reached skill level 3 in Spellcasting
   581 | D:1      | You pick up a book of Vapours and begin reading...
   581 | D:1      | You add the spells Poisonous Vapours and Cigotuvi's
                  | Dreadful Rot to your library.
  1262 | D:2      | Noticed Robin
  1266 | D:2      | Reached XP level 3. HP: 15/17 MP: 4/8
  1280 | D:2      | Reached skill level 3 in Earth Magic
  1367 | D:2      | Killed Robin
  1368 | D:2      | Reached skill level 1 in Fighting
  1947 | D:2      | You add the spells Kindle Blastsparks, Ignite Poison and
                  | Freezing Cloud to your library.
  1951 | D:2      | Learned a level 2 spell: Passwall
  1955 | D:2      | Learned a level 3 spell: Stone Arrow
  2082 | D:3      | HP: 2/18 [gnoll/+0 spear (7)]
  2163 | D:3      | Reached skill level 4 in Stealth
  2163 | D:3      | Reached XP level 4. HP: 22/22 MP: 5/10
  2365 | D:3      | Reached XP level 5. HP: 25/25 MP: 8/11
  2494 | D:3      | Reached skill level 4 in Dodging
  2580 | D:3      | Reached skill level 4 in Spellcasting
  2631 | D:1      | Bought a large citrine amulet for 145 gold pieces
  2754 | D:3      | Found a broken altar of Ashenzari.
  2765 | D:3      | Became a worshipper of Ashenzari the Shackled
  2921 | D:3      | Noticed an ogre
  2934 | D:3      | Killed an ogre
  2935 | D:3      | Reached skill level 5 in Stealth
  2935 | D:3      | Reached XP level 6. HP: 30/30 MP: 9/13
  3102 | D:4      | Reached skill level 2 in Fighting
  3159 | D:4      | HP: 1/30 [orc priest/divine providence (15)]
  3159 | D:4      | Slain by an orc wizard

Vanquished Creatures
  2 ogres
  A scorpion (D:4)
  2 orc priests (D:3)
  Robin (D:2)
  3 gnolls
  2 adders (D:3)
  3 dart slugs (D:3)
  7 orcs
  4 endoplasms
  16 goblins
  7 hobgoblins
  2 jackals (D:1)
  3 quokkas
  4 ball pythons
  5 bats
  3 frilled lizards
  4 kobolds
  5 rats
74 creatures vanquished.

Table legend:
 A = Non-vault XP
 B = Vault XP
 C = Vault XP percentage of total XP
 D = Non-vault monster count
 E = Vault monster count
 F = Vault count percentage of total count
                 A         B        C        D         E       F
            +---------+---------+-------+---------+---------+-------
      Total |     583 |      37 |   6.0 |      61 |      13 |  17.6
            +---------+---------+-------+---------+---------+-------
        D:1 |      35 |       0 |   0.0 |      21 |       0 |   0.0
        D:2 |      28 |      37 |  56.9 |      11 |      13 |  54.2
        D:3 |     309 |       0 |   0.0 |      25 |       0 |   0.0
        D:4 |     211 |       0 |   0.0 |       4 |       0 |   0.0
            +---------+---------+-------+---------+---------+-------

Illustrated notes

Table legend:
 A = Kills in this place as a percentage of kills in the entire game.
 B = Kills by you in this place as a percentage of kills by you in the entire game.
 C = Kills by friends in this place as a percentage of kills by friends in the entire game.
 D = Other kills in this place as a percentage of other kills in the entire game.
 E = Experience gained in this place as a percentage of experience gained in the entire game.
 F = Experience gained in this place divided by the number of levels of this place that you have seen.
                   A       B       C       D       E      F
               +-------+-------+-------+-------+-------+----------------------
         Total | 100.0 | 100.0 |   N/A |   N/A | 100.0 | 155.0
       Dungeon | 100.0 | 100.0 |   N/A |   N/A | 100.0 | 155.0
               +-------+-------+-------+-------+-------+----------------------

Table legend: (Time is in decaauts)
 A = Elapsed time spent in this place.
 B = Non-inter-level travel time spent in this place.
 C = Inter-level travel time spent in this place.
 D = Time resting spent in this place.
 E = Time spent auto-exploring this place.
 F = Levels seen in this place.
 G = Mean time per level.
                   A        B        C        D        E       F      G
               +--------+--------+--------+--------+--------+-----+--------+
         Total |   2427 |   2357 |     70 |    195 |   1777 |   4 |  606.8 |
       Dungeon |   2427 |   2357 |     70 |    195 |   1777 |   4 |  606.8 |
               +--------+--------+--------+--------+--------+-----+--------+

Top non-repeatable levels by time:
     D:1: 942 daAuts
     D:3: 738 daAuts
     D:2: 692 daAuts
     D:4: 54 daAuts
